AoeStats
← エドワフラン・スカー

Arena

509111732Analyzed
3v3 RM · 8d ago on Sep 25, 2026· 22m 15s· 6 players
Game mode
Random Map
Map size
Normal (6 player)
Population
200
Speed
Normal
Resources
Standard
Victory
Conquest
Starting age
Dark Age
Ending age
Imperial Age
RankedLock teamsTeams togetherTeam positionsShared explorationLock speedFull tech treeHidden civsTurbo modeCheats
Victory
Defeat
🇬🇧 Franks · United Kingdom
1139
+16
🇦🇺 Portuguese · Australia
1132
+16
🇭🇰 Danes · Hong Kong SAR China
1102
+17
1142
-17
1132
-16
🇨🇳 Goths · China
1116
-16
エドワフラン・スカー
10:18 Feudal Age
14:23 Castle Age
12:55 Double-Bit Axe
12:50 Horse Collar
15:51 Bow Saw
15:42 Heavy Plow
16:31 Fervor
21:32 Wheelbarrow
嗷呜一口吃掉
10:08 Feudal Age
14:06 Castle Age
12:00 Double-Bit Axe
18:47 Horse Collar
メルフィー·ラビィ
9:56 Feudal Age
10:48 Double-Bit Axe
13:32 Castle Age
11:27 Horse Collar
14:40 Bow Saw
19:36 Wheelbarrow
23:02 Hand Cart
phyllis_vance
10:49 Feudal Age
9:45 Loom
11:15 Double-Bit Axe
11:11 Horse Collar
17:02 Castle Age
17:58 Wheelbarrow
21:13 Heavy Plow
Searching for food
10:57 Feudal Age
15:40 Castle Age
19:42 Double-Bit Axe
19:53 Loom
I just want to farm!!!
0:27 Loom
10:36 Feudal Age
11:38 Double-Bit Axe
14:13 Castle Age
11:58 Horse Collar
15:06 Bow Saw
14:57 Heavy Plow
Connection lost

Rejoining the realm…

Still unreachable

The connection could not be restored.

Session expired

The server has moved on; the page needs a fresh start.